 Dungeon Crawl Stone Soup version 0.23-a0-61-g4bf3f6c (webtiles) character file.

13538 Amnesiac the Destroyer (level 11, -9/68 HPs)
             Began as a Mummy Conjurer on Aug 9, 2018.
             Was an Elder of Dithmenos.
             Mangled by a redback (12 damage)
             ... on level 2 of the Lair of Beasts.
             The game lasted 00:22:28 (13645 turns).

Amnesiac the Destroyer (Mummy Conjurer)            Turns: 13645, Time: 00:22:29

Health: -9/68      AC:  3    Str: 13    XL:     11   Next: 76%
Magic:  3/37       EV: 12    Int: 17    God:    Dithmenos [****..]
Gold:   39         SH:  0    Dex: 12    Spells: 18/36 levels left

rFire    . . .     SeeInvis .   a - staff of conjuration
rCold    . . .     Gourm    .   (no shield)
rNeg     + + +     Faith    .   g - +0 robe
rPois    ∞         Spirit   .   (no helmet)
rElec    .         Reflect  .   (no cloak)
rCorr    .         Harm     +   z - +0 pair of gloves
MR       +....                  (no boots)
Stlth    ++........             B - amulet of harm
HPRegen  0.21/turn              x - ring of fire
MPRegen  0.25/turn              t - ring of magical power

@: wreathed by umbra
A: no food or potions, fire vulnerability, cold resistance 1, negative energy
resistance 3, torment resistance, unbreathing
a: Shadow Step, Renounce Religion


You were on level 2 of the Lair of Beasts.
You worshipped Dithmenos.
Dithmenos was greatly pleased with you.
You were not hungry.

You visited 4 branches of the dungeon, and saw 14 of its levels.

You collected 715 gold pieces.
You spent 676 gold pieces at shops.

Inventory:

Hand Weapons
 b - a +2 great sword of slicing
 l - a +1 hand axe of draining
 p - a +0 blowgun
 s - a +0 scimitar
 C - the +3 quarterstaff of Spring {crush, rN+ Dex+6, unknown}
   (You found it on level 2 of the Lair of Beasts)

   It inflicts extra damage upon your enemies.
   It affects your dexterity (+6).
   It protects you from negative energy.
Armour
 g - a +0 robe (worn)
 m - a +0 crystal plate armour
 z - a +0 pair of gloves (worn)
Magical Staves
 a - an uncursed staff of conjuration (weapon)
Jewellery
 f - a +5 ring of dexterity
 t - a ring of magical power (right hand)
 x - a ring of fire (left hand)
 B - an amulet of harm (around neck)
Wands
 c - a wand of flame (18)
 e - a wand of paralysis (11)
 i - a wand of polymorph (16)
 u - a wand of digging (20)
 v - a wand of disintegration (12)
 w - a wand of random effects (23)
Scrolls
 d - 2 scrolls of amnesia {!r}
 h - 2 scrolls of teleportation {!r}
 j - 5 scrolls of identify {!r}
 k - 3 scrolls of enchant armour {!r}
 n - 4 scrolls of magic mapping {!r}
 o - 3 scrolls of remove curse {!r}
 r - 2 scrolls of enchant weapon {!r}
 y - 2 scrolls of noise {!r}
 A - a scroll of torment {!r}


   Skills:
 - Level 1.5 Dodging
 - Level 1.5 Stealth
 + Level 13.1 Spellcasting
 * Level 13.1 Conjurations


You had 18 spell levels left.
You knew the following spells:

 Your Spells              Type           Power        Failure   Level  Hunger
a - Iskenderun's Mystic   Conj           ######..     1%          4    N/A
b - Force Lance           Conj/Tloc      ######..     4%          4    N/A
c - Dazzling Spray        Conj/Hex       ######       1%          3    N/A
e - Mephitic Cloud        Conj/Pois/Air  #####...     3%          3    N/A
q - Fulminant Prism       Conj/Hex       ######....   4%          4    N/A

Your spell library contained the following spells:

 Spells                   Type           Power        Failure   Level  Hunger
 Magic Dart               Conj           ####         1%          1    N/A
 Apportation              Tloc           ##....       6%          1    N/A
 Throw Frost              Conj/Ice       ######       1%          2    N/A
 Venom Bolt               Conj/Pois      ######....   12%         5    N/A
 Olgreb's Toxic Radiance  Pois           ##......     52%         4    N/A
 Summon Small Mammal      Summ           ##..         6%          1    N/A
 Animate Skeleton         Necr           N/A          6%          1    N/A
 Freeze                   Ice            ##..         6%          1    N/A
 Summon Ice Beast         Ice/Summ       ##......     52%         4    N/A
 Ozocubu's Armour         Chrm/Ice       ##......     19%         3    N/A
 Sting                    Conj/Pois      ####         1%          1    N/A
 Spider Form              Tmut/Pois      ##........   19%         3    N/A
 Blade Hands              Tmut           ##........   86%         5    N/A
 Ice Form                 Ice/Tmut       ##......     52%         4    N/A
 Throw Icicle             Conj/Ice       ######..     4%          4    N/A
 Confusing Touch          Hex            ##....       6%          1    N/A
 Sticks to Snakes         Tmut           ##......     10%         2    N/A
 Beastly Appendage        Tmut           ##....       6%          1    N/A
 Searing Ray              Conj           ######       1%          2    N/A
 Poisonous Vapours        Pois/Air       ##....       10%         2    N/A

Dungeon Overview and Level Annotations

Branches:
Dungeon (10/15)            Temple (1/1) D:6            Lair (2/6) D:10
    Orc (1/2) D:10
  Swamp: Lair:2-4    Shoals: Lair:2-4     Snake: Lair:2-4    Spider: Lair:2-4

Altars:
Ashenzari
Cheibriados
Dithmenos
Elyvilon
Fedhas
Gozag
Hepliaklqana
Kikubaaqudgha
Makhleb
Nemelex Xobeh
Okawaru
Qazlal
Ru
Sif Muna
Trog
Uskayaw
Vehumet
Wu Jian
Xom
Yredelemnul
Zin
The Shining One

Shops:
D:4 *   D:6 =

Annotations:
Lair:2 exclusion: hydra


Innate Abilities, Weirdness & Mutations

You do not eat or drink.
Your flesh is vulnerable to fire.
You are immune to poison.
Your flesh is cold resistant. (rC+)
You are immune to negative energy. (rN+++)
You are immune to unholy pain and torment.
You can survive without breathing.


Message History

The orb of energy hits the jumping spider.
You kill the jumping spider!
Dithmenos accepts your kill.
The orb of energy explodes!
The mystic blast hits the redback.
The redback is moderately wounded.
You hear an angry hiss.
The jumping spider leaps!
Unknown command.
C - a translucent quarterstaff The redback closely misses you.
The redback barely misses you.
Evoke which item? (* to show all) (? for menu, Esc to quit)
Okay, then.
A jumping spider comes into view.
The jumping spider leaps!
The redback bites you!
The jumping spider leaps!
A jumping spider comes into view.
The redback bites you. The redback bites you!
* * * LOW HITPOINT WARNING * * *
There is an open door here.
The jumping spider hisses angrily.
The jumping spider leaps! x2
Evoke which item? (* to show all) (? for menu, Esc to quit)
Okay, then.
The redback bites you.
* * * LOW HITPOINT WARNING * * *
The jumping spider barely misses you. The jumping spider bites you.
* * * LOW HITPOINT WARNING * * *
The jumping spider leaps!
The jumping spider barely misses you. The jumping spider bites you.
* * * LOW HITPOINT WARNING * * *
Really read
q - a scroll of fear {!r}?
As you read the scroll of fear {!r}, it crumbles to dust.
You assume a fearsome visage.
The jumping spider looks frightened! x3
The redback resists with some effort.
The jumping spider leaps!
The redback bites you!
* * * LOW HITPOINT WARNING * * *
The jumping spider leaps! x3; The redback bites you!
* * * LOW HITPOINT WARNING * * *
Okay, then.
Evoke which item? (* to show all) (? for menu, Esc to quit)
Aiming: Paralyse
Press: ? - help, Shift-Dir - straight line, f - redback
Aim: a redback (lightly wounded, clinging, umbra, chance to defeat MR: 46%)
Okay, then.
Okay, then.
Casting: Iskenderun's Mystic Blast (safe; 1% risk of failure)
Confirm with . or Enter, or press ? or * to list all spells.
Okay, then.
Casting: Iskenderun's Mystic Blast (safe; 1% risk of failure)
Confirm with . or Enter, or press ? or * to list all spells.
Okay, then.
Okay, then.
Evoke which item? (* to show all) (? for menu, Esc to quit)
Aiming: Paralyse
Press: ? - help, Shift-Dir - straight line, f - redback
Aim: a redback (lightly wounded, clinging, umbra, chance to defeat MR: 46%)
The redback resists with some effort.
The redback closely misses you.
The jumping spider leaps!
Evoke which item? (* to show all) (? for menu, Esc to quit)
Aiming: Paralyse
Press: ? - help, Shift-Dir - straight line, f/p - redback
Aim: a redback (lightly wounded, clinging, umbra, chance to defeat MR: 46%)
The redback resists with some effort.
The redback bites you!
You die...

# ###..†....... # ##.+##.##P#
##..# # ##.## #. # ##..# .^# .
#..###### ######## ..#
.>#####..##.#P### #..§.§.##≈≈≈##
#...............####....(.......
#...P#.#..##.§..@s.'..s..†......
#######...###.###§.P§...........
# ##.## ### ######.####..+## #
#...# ### .)# # #...### ## #
###...## ## ##...# .# ##..## .#
.# # ##.P#### ##+..##


You could see a jumping spider and a redback.

Vanquished Creatures
  A hydra (Lair:1)
  A two-headed ogre (D:9)
  An ugly thing (D:9)
  A black mamba (Lair:1)
  A spiny frog (Lair:2)
  2 centaur skeletons (D:10)
  5 komodo dragons
  2 jumping spiders (Lair:2)
  A hippogriff (Lair:1)
  12 yaks
  A wyvern (D:9)
  A spriggan (D:7)
  A warg (Orc:1)
  3 water moccasins
  2 hell hounds (D:10)
  4 porcupines (Lair:1)
  A sky beast (D:6)
  9 orc warriors
  2 phantoms
  3 black bears
  8 ogres
  6 wolves (Lair:1)
  7 centaurs
  2 crocodiles
  A big kobold (D:10)
  Blork the orc (D:4)
  5 bullfrogs
  A water moccasin skeleton (D:5)
  8 killer bees
  12 wights
  3 howler monkeys
  4 crimson imps
  2 centaur zombies
  A quasit (D:10)
  A bullfrog zombie (D:6)
  5 orc priests
  3 jellies
  10 orc wizards
  3 hounds
  2 bullfrog skeletons
  3 iguanas
  4 worker ants
  A killer bee zombie (D:8)
  A howler monkey zombie (D:6)
  7 adders
  4 shadow imps
  An ooze (D:3)
  An adder zombie (D:5)
  An adder skeleton (D:4)
  2 worms
  A dart slug (D:2)
  4 leopard geckos
  46 orcs
  5 giant cockroaches
  6 goblins
  4 hobgoblins
  4 jackals (D:6)
  8 kobolds
  3 quokkas
  2 ball pythons
  10 bats
  3 frilled lizards
  A jackal skeleton (D:8)
  6 rats
267 creatures vanquished.

Vanquished Creatures (others)
  A sky beast (D:10)
  A fungus (Lair:1)
2 creatures vanquished.

Grand Total: 269 creatures vanquished

Notes
Turn   | Place    | Note
-------+----------+-------------------------------------------
     0 | D:1      | Amnesiac the Mummy Conjurer began the quest for the Orb.
     0 | D:1      | Reached XP level 1. HP: 13/13 MP: 4/4
    65 | D:2      | Reached XP level 2. HP: 8/19 MP: 0/6
    70 | D:2      | Learned a level 2 spell: Searing Ray
   244 | D:4      | Noticed an ogre
   293 | D:3      | Killed an ogre
   293 | D:3      | Reached XP level 3. HP: 18/24 MP: 5/8
   293 | D:3      | Reached XP level 4. HP: 23/30 MP: 5/9
   409 | D:4      | Learned a level 3 spell: Dazzling Spray
   414 | D:4      | Learned a level 4 spell: Iskenderun's Mystic Blast
   519 | D:4      | Noticed an ogre
   539 | D:4      | Killed an ogre
   539 | D:4      | Reached skill level 5 in Spellcasting
   539 | D:4      | Reached XP level 5. HP: 13/35 MP: 9/12
   690 | D:4      | Found Syuph's General Store.
   702 | D:4      | Bought a scroll of identify for 26 gold pieces
   742 | D:4      | Reached skill level 5 in Conjurations
   742 | D:4      | Reached XP level 6. HP: 7/41 MP: 5/13
   965 | D:5      | Entered Level 5 of the Dungeon
  1058 | D:4      | Noticed Blork the orc
  1073 | D:4      | Killed Blork the orc
  1074 | D:4      | HP: 1/41 [worker ant (8)]
  1411 | D:4      | Found an opulent altar of Gozag.
  1673 | D:4      | Reached XP level 7. HP: 46/46 MP: 10/15
  2938 | D:5      | Reached XP level 8. HP: 52/52 MP: 1/18
  3152 | D:5      | Found a burning altar of Makhleb.
  3171 | D:6      | Found Woicid's Jewellery Shop.
  3286 | D:6      | Found a shadowy altar of Dithmenos.
  3286 | D:6      | Found a basalt altar of Yredelemnul.
  3292 | D:6      | Became a worshipper of Dithmenos the Shadowed
  4514 | D:2      | Reached * piety under Dithmenos
  4696 | D:2      | Found a hide-covered altar of Uskayaw.
  4903 | D:3      | Found a faded altar of an unknown god.
  4979 | D:3      | Learned a level 4 spell: Force Lance
  5002 | D:3      | Learned a level 4 spell: Fulminant Prism
  5325 | D:6      | Found a staircase to the Ecumenical Temple.
  5388 | Temple   | Entered the Ecumenical Temple
  5529 | D:6      | Found a blossoming altar of Fedhas.
  5744 | D:6      | Found a shattered altar of Ashenzari.
  6188 | D:6      | Bought an uncursed ring of magical power for 260 gold pieces
  6339 | D:7      | Reached ** piety under Dithmenos
  6363 | D:7      | Reached XP level 9. HP: 48/57 MP: 2/21
  6591 | D:7      | Found a glowing golden altar of the Shining One.
  6893 | D:8      | Found a sparkling altar of Nemelex Xobeh.
  7240 | D:8      | Found a snail-covered altar of Cheibriados.
  7778 | D:9      | Learned a level 3 spell: Mephitic Cloud
  7798 | D:9      | Noticed a two-headed ogre
  7806 | D:9      | Killed a two-headed ogre
  7806 | D:9      | Reached skill level 10 in Spellcasting
  7806 | D:9      | Reached skill level 10 in Conjurations
  8271 | D:9      | Reached XP level 10. HP: 63/63 MP: 20/24
  8470 | D:9      | Noticed a purple ugly thing
  8623 | D:9      | Killed a purple ugly thing
  8803 | D:10     | Entered Level 10 of the Dungeon
  8811 | D:10     | Reached *** piety under Dithmenos
  9111 | D:10     | Found a staircase to the Orcish Mines.
  9519 | D:10     | Found a staircase to the Lair.
  9752 | D:10     | Reached **** piety under Dithmenos
 11058 | Orc:1    | Entered Level 1 of the Orcish Mines
 11060 | Orc:1    | Reached XP level 11. HP: 68/68 MP: 26/26
 11123 | Orc:1    | Noticed an orc sorcerer
 11357 | Lair:1   | Entered Level 1 of the Lair of Beasts
 11445 | Lair:1   | Noticed a five-headed hydra
 11753 | Lair:1   | Killed a five-headed hydra
 12735 | Lair:1   | Reached ***** piety under Dithmenos
 13274 | D:6      | Bought an uncursed amulet of harm for 390 gold pieces
 13596 | Lair:2   | Noticed a four-headed hydra
 13634 | Lair:2   | Got a translucent quarterstaff
 13643 | Lair:2   | HP: 2/68 [redback (8)]
 13645 | Lair:2   | Mangled by a redback

Vault maps used:
D:1:      minmay_arrival_hallway, minmay_circled_x
D:2:      eat_drink_and_be_merry_uskayaw, first_ration
D:3:      chequers_ecumenical_altar_simple_redux
D:4:      lemuel_crystal_altar, serial_shops, nicolae_shop_trees,
          minmay_small_thing, uniq_blork_the_orc
D:5:      kennysheep_little_box, roderic_lattice_a
D:6:      marbit_many_paths, lemuel_coloured_pillars_altar,
          gammafunk_temple_overflow_wave, minmay_temple_entry_fiery,
          serial_shops, nicolae_shop_temple_entry_statues_fountains
D:7:      overflow_temple_1_default, the_bakery
D:8:      nemelex_xobeh_ov_fountains_minmay, slow_altar_2
D:10:     minmay_lair_entry_lava, hiddenorc2_lemuel
Temple:   nicolae_temple_no_exploring_needed
Lair:1:   st_stairs_7
Lair:2:   nicolae_spider_entry_tight_spaces, lab_entry_generic,
          serial_bayou_shore_a

Skill      XL: |  1  2  3  4  5  6  7  8  9 10 11 |
---------------+----------------------------------+-----
Spellcasting   | 3 5 7 8 10 11 13 | 13.1
Conjurations   | 4 5 6 7 8 10 11 13 | 13.1
Dodging        | |  1.5
Stealth        | |  1.5

Action                   |  1- 3 |  4- 6 |  7- 9 | 10-12 || total
-------------------------+-------+-------+-------+-------++-------
Melee: Short sword       |     4 |    16 |       |       ||    20
       Quarterstaff      |       |     3 |       |       ||     3
       Staff             |       |       |    36 |    12 ||    48
       Hand axe          |       |       |    11 |       ||    11
       Great sword       |       |       |     2 |       ||     2
 Cast: Magic Dart        |    10 |     6 |    60 |       ||    76
       Searing Ray       |     1 |     7 |     3 |       ||    11
       Iskenderun's Myst |       |     2 |   151 |   231 ||   384
       Mephitic Cloud    |       |       |     1 |     2 ||     3
Evoke: Wand              |     1 |     7 |     8 |     6 ||    22
  Use: Scroll            |       |     2 |    10 |     4 ||    16
 Stab: Paralysed         |     4 |    11 |     8 |       ||    23
       Sleeping          |       |       |     2 |       ||     2
Armor: Robe              |       |     4 |    14 |     8 ||    26
Dodge: Dodged            |    11 |    18 |    63 |    60 ||   152

Table legend:
 A = Non-vault XP
 B = Vault XP
 C = Vault XP percentage of total XP
 D = Non-vault monster count
 E = Vault monster count
 F = Vault count percentage of total count
 G = Total turns spent on level
                 A         B        C        D         E       F
            +---------+---------+-------+---------+---------+-------
      Total |   17307 |    2033 |  10.5 |     223 |      45 |  16.8
            +---------+---------+-------+---------+---------+-------
        D:1 |      21 |       6 |  22.2 |      13 |       4 |  23.5
        D:2 |      65 |       0 |   0.0 |      16 |       0 |   0.0
        D:3 |     153 |       0 |   0.0 |      12 |       0 |   0.0
        D:4 |     634 |      99 |  13.5 |      13 |       2 |  13.3
        D:5 |     515 |       0 |   0.0 |      12 |       0 |   0.0
        D:6 |     872 |       2 |   0.2 |      18 |       1 |   5.3
        D:7 |     654 |     201 |  23.5 |      15 |       1 |   6.2
        D:8 |     777 |       5 |   0.6 |      21 |       1 |   4.5
        D:9 |    2548 |       0 |   0.0 |      18 |       0 |   0.0
       D:10 |    3194 |    1124 |  26.0 |      44 |      34 |  43.6
     Lair:1 |    5660 |       0 |   0.0 |      27 |       0 |   0.0
     Lair:2 |    1532 |     596 |  28.0 |       8 |       2 |  20.0
      Orc:1 |     682 |       0 |   0.0 |       6 |       0 |   0.0
            +---------+---------+-------+---------+---------+-------
